 Dungeon Crawl Stone Soup version 0.30-a0-1160-g6e42c06551 (webtiles) character file.

Game seed: 7410846255875258597

12 jasper the Vexing (level 2, 0/15 HPs)
             Began as a Deep Elf Enchanter on Apr 25, 2023.
             Slain by a hobgoblin (3 damage)
             ... on level 1 of the Dungeon.
             The game lasted 00:00:56 (297 turns).

jasper the Vexing (Deep Elf Enchanter)               Turns: 297, Time: 00:00:57

Health: 0/15       AC:  2    Str:  5    XL:     2   Next: 20%
Magic:  6/8        EV: 12    Int: 19    God:
Gold:   13         SH:  0    Dex: 15    Spells: 5/7 levels left

rFire   . . .        a - +1 dagger
rCold   . . .        (no shield)
rNeg    . . .        b - +0 robe
rPois   .            (no helmet)
rElec   .            (no cloak)
rCorr   .            (no gloves)
SInv    .            (no boots)
Will    .....        (no amulet)
Stlth   +++          (no ring)
HPRegen 0.22/turn    (no ring)
MPRegen 0.11/turn

%: no passive effects
@: no status effects
A: no striking features
a: no special abilities


You were on level 1 of the Dungeon.
You visited 1 branch of the dungeon, and saw 1 of its levels.

You collected 13 gold pieces.

Inventory:

Hand Weapons
 a - a +1 dagger (weapon)
Armour
 b - a +0 robe (worn)
Scrolls
 e - a scroll of immolation {unknown}
 f - a scroll of identify {unknown}
Potions
 c - a potion of invisibility
 d - a potion of heal wounds {unknown}


   Skills:
 + Level 1.3 Short Blades
 - Level 2.4 Dodging
 + Level 3.9 Stealth
 + Level 3.3 Spellcasting
 + Level 4.2 Hexes


You had 5 spell levels left.
You knew the following spells:

 Your Spells              Type           Power      Damage    Failure   Level
a - Ensorcelled Hibernat  Hex/Ice        22%        N/A       10%         2

Your spell library contained the following spells:

 Spells                   Type           Power      Damage    Failure   Level
 Confusing Touch          Hex            19%        N/A       8%          3
 Tukima's Dance           Hex            19%        N/A       8%          3
 Dazzling Flash           Conj/Hex       22%        N/A       19%         3


Dungeon Overview and Level Annotations

Branches:
Dungeon (1/15)

Altars:


Message History

You hit the endoplasm.
The endoplasm is heavily wounded.
The endoplasm misses you.
You hit the endoplasm.
You kill the endoplasm!
Memorise Ensorcelled Hibernation, consuming 2 spell levels and leaving 5?
You start memorising the spell.
You continue memorising. x2
You finish memorising.
Spell assigned to 'a'.
You now have 13 gold pieces (gained 6).
Health restored: 15
There are monsters nearby!
The hobgoblin shouts! x2
The hobgoblin barely misses you.
You closely miss the hobgoblin.
A kobold comes into view. It is wielding a +0 club.
The hobgoblin hits you but does no damage.
The hobgoblin hits you.
You take 5 damage, and have 10/15 hp.
MASSIVE DAMAGE!!
Aiming: Ensorcelled Hibernation (safe; 10% risk of failure)
Press: ? - help, Q - select action Shift-Dir - straight line, f - hobgoblin
Aim: a hobgoblin (chance to affect: 62%)
The hobgoblin resists with significant effort.
The kobold shouts!
The hobgoblin barely misses you. x2
You now have 6/8 mp.
You hit the hobgoblin.
The hobgoblin is severely wounded.
The hobgoblin closely misses you.
The kobold throws a stone.
The stone barely misses you. The hobgoblin hits you.
You take 2 damage, and have 8/15 hp.
The hobgoblin attacks as you move away! The hobgoblin closely misses you.
The hobgoblin attacks as you move away! The hobgoblin hits you.
A dart slug comes into view.
You take 3 damage, and have 5/15 hp.
The hobgoblin attacks as you move away! The hobgoblin hits you.
* * * LOW HITPOINT WARNING * * *
You take 2 damage, and have 3/15 hp.
The hobgoblin attacks as you move away! The hobgoblin barely misses you.
The hobgoblin attacks as you move away! The hobgoblin hits you.
You die...

###....### ##.#
##.†.### #..#
#.....# #.##
#..##.####.#
#..##..>...#
#..##......#
#...#......###
#...#........##
#...#...@###..##
#...g# #..##
#....## #...##
#...Kg##w....#
#!........#
####..$..#.#
##....# ##.#..#
#..#...


You could see 2 hobgoblins and a kobold.

Vanquished Creatures
  A bat (D:1)
  4 endoplasms (D:1)
  A hobgoblin (D:1)
  A quokka (D:1)
  2 ball pythons (D:1)
  A rat (D:1)
10 creatures vanquished.

Notes
Turn   | Place    | Note
-------+----------+-------------------------------------------
     0 | D:1      | jasper the Deep Elf Enchanter began the quest for the Orb.
     0 | D:1      | Reached XP level 1. HP: 10/10 MP: 6/6
   180 | D:1      | Reached XP level 2. HP: 15/15 MP: 8/8
   252 | D:1      | Learned a level 2 spell: Ensorcelled Hibernation
   297 | D:1      | Slain by a hobgoblin

Illustrated notes

Levels and vault maps discovered:
D:1:      eino_arrival_cavern_b, layout_rooms, basic_ecumenical_altar,
          minmay_bisected

Action                     || total
---------------------------++-------
  Melee: Dagger            ||    38
         Punch             ||     1
   Cast: Ensorcelled Hiber ||     1
    Use: Potion            ||     1
   Stab: Sleeping          ||     3
         Invisible         ||     1
 Armour: Robe              ||     5
  Dodge: Dodged            ||    29

Table legend: (Time is in decaauts)
 A = Elapsed time spent in this place.
 B = Non-inter-level travel time spent in this place.
 C = Inter-level travel time spent in this place.
 D = Time resting spent in this place.
 E = Time spent auto-exploring this place.
 F = Levels seen in this place.
 G = Mean time per level.
                   A        B        C        D        E       F      G
               +--------+--------+--------+--------+--------+-----+--------+
         Total |    296 |    296 |      0 |     28 |    165 |   1 |  296.0 |
       Dungeon |    296 |    296 |      0 |     28 |    165 |   1 |  296.0 |
               +--------+--------+--------+--------+--------+-----+--------+

Top non-repeatable levels by time:
     D:1: 296 daAuts
